 Dungeon Crawl Stone Soup version 0.27.0-1-g7a089689b8 (webtiles) character file.

Game seed: 2498904747970792856

993 bnorton916 the Ducker (level 8, -11/50 HPs)
             Began as a Djinni Fire Elementalist on Aug 4, 2021.
             Killed from afar by an electric eel (12 damage)
             ... with a bolt of electricity
             ... on level 8 of the Dungeon.
             The game lasted 00:08:43 (5121 turns).

bnorton916 the Ducker (Djinni Fire Elementalist)    Turns: 5121, Time: 00:08:44

Health: -11/50     AC:  4    Str: 14    XL:     8   Next: 42%
Gold:   38         EV: 15    Int: 24    God:
                   SH:  0    Dex: 14

rFire    + + +     SeeInvis .   g - staff of fire
rCold    x . .     Faith    .   (no shield)
rNeg     . . .     Spirit   .   a - +0 robe
rPois    ∞         Reflect  .   o - +0 helmet
rElec    .         Harm     .   k - +0 cloak
rCorr    .         Rampage  .   (no gloves)
Will     .....                  (boots unavailable)
Stlth    ++........             (no amulet)
HPRegen  0.16/turn              c - +6 ring of intelligence
MPRegen  0.00/turn              b - +6 ring of strength

@: flying
A: sickness immunity, fire resistance 2, cold vulnerability 1, float, innate
caster, hp casting, extra vitality 1
a: no special abilities


You were on level 8 of the Dungeon.
You visited 1 branch of the dungeon, and saw 6 of its levels.

You collected 98 gold pieces.
You spent 60 gold pieces at shops.

Inventory:

Hand Weapons
 e - a +2 dagger of freezing
Missiles
 n - 3 curare-tipped darts
Armour
 a - a +0 robe (worn)
 k - a +0 cloak (worn)
 o - a +0 helmet (worn)
Magical Staves
 g - a staff of fire (weapon)
Jewellery
 b - a +6 ring of strength (right hand)
 c - a +6 ring of intelligence (left hand)
 f - an amulet of reflection
Scrolls
 h - a scroll of noise
Potions
 j - a potion of berserk rage
 l - a potion of mutation
 m - 4 potions of curing
 p - a potion of haste {unknown}
 q - a potion of heal wounds {unknown}


   Skills:
 + Level 7.4 Dodging
 - Level 1.5 Stealth
 + Level 5.5 Spellcasting


You couldn't memorise any spells.
You knew the following spells:

 Your Spells              Type           Power      Damage    Failure   Level
a - Foxfire               Conj/Fire      100%       2x1d9     1%          1
b - Conjure Flame         Conj/Fire      49%        6-21      2%          3
c - Inner Flame           Hex/Fire       49%        N/A       2%          3
d - Sticky Flame          Conj/Fire      49%        2d7       9%          4
e - Fireball              Conj/Fire      24%        3d11      24%         5
f - Sting                 Tmut/Pois      100%       1d8       1%          1
g - Blink                 Tloc           N/A        N/A       1%          2
h - Searing Ray           Conj           66%        3d5       1%          2
Your spell library was empty.

Dungeon Overview and Level Annotations

Branches:
Dungeon (8/15)
 Temple: D:4-7         Lair: D:8-11

Altars:
Cheibriados

Shops:
D:3 *


Innate Abilities, Weirdness & Mutations

You are immune to sickness and miasma.
You are immune to poison.
Your flesh is very heat resistant. (rF++)
You are vulnerable to cold. (rC-)
You float through the air rather than walking.
You learn spells naturally, not from books.
Your magical power is your life essence.
You have superior vitality. (+4 HP)


Message History

The shadow imp shouts!
Found 14 gold pieces and a runed ivory wand.
There is a stone staircase leading up here.
Casting: Foxfire (safe; 1% risk of failure)
Confirm with . or Enter, or press ? or * to list all spells.
Aiming: Searing Ray (safe; 1% risk of failure)
Press: ? - help, Shift-Dir - straight line, f - wight
Aim: a wight, wielding a +4 dire flail and wearing a +0 robe (81% to hit)
The searing ray hits the wight!
The wight is heavily damaged. (Press . to maintain the ray.)
The wight hits you with a +4 dire flail!
An orc comes into view. It is wielding a +0 short sword. x2
The searing ray hits the wight.
The wight is severely damaged.
The wight barely misses you.
The searing ray hits the wight!
You destroy the wight!
The orc shouts!
You hear a shout!
An orc wizard comes into view. It is wielding a +0 dagger.
The orc shouts!
As you read the scroll of teleportation, it crumbles to dust.
You feel strangely unstable. The shadow imp gestures at you.
Pain shoots through your body!
* * * LOW HITPOINT WARNING * * *
Found 6 silver javelins.
Found a stone staircase leading down.
Your surroundings suddenly seem different.
Found a rapier and 5 large rocks.
An electric eel comes into view.
An electric eel is nearby!
The electric eel shoots out a bolt of lightning at you!
The bolt of electricity hits the plant!!
The plant begins to die.
The bolt of electricity hits the plant!
The plant begins to die.
The bolt of electricity hits you.
* * * LOW HITPOINT WARNING * * *
The electric eel shoots out a bolt of lightning at you!
The bolt of electricity hits the plant! x2; The bolt of electricity hits you!
You die...

#P.#P.#P###..##.
≈≈≈;≈≈≈≈........
..............>
≈≈≈≈≈≈(.......
#.P#.P#P......)#
......P........#
.....#......#
#.......@..#
#.......#..#
#....##.#..#
.... .....# ...
##..#.# .#.#
##....#
.##.......
....o..... ##
.....o/


You could see an electric eel and an orc.

Vanquished Creatures
  A water moccasin (D:7)
  An orc warrior (D:7)
  A sky beast (D:3)
  A black bear (D:4)
  An ogre (D:4)
  A centaur (D:7)
  A phantom (D:4)
  A scorpion (D:7)
  3 wights
  2 orc priests
  A killer bee zombie (D:7)
  6 adders
  2 worms
  2 dart slugs
  5 orcs
  5 ball pythons
  3 endoplasms
  A giant cockroach (D:2)
  3 goblins
  4 hobgoblins
  3 jackals (D:1)
  A kobold (D:1)
  2 quokkas (D:1)
  A bat (D:3)
  2 frilled lizards
  3 rats
57 creatures vanquished.

Vanquished Creatures (others)
  181 foxfires
181 creatures vanquished.

Grand Total: 238 creatures vanquished

Notes
Turn   | Place    | Note
-------+----------+-------------------------------------------
     0 | D:1      | bnorton916 the Djinni Fire Elementalist began the quest for
                  | the Orb.
     0 | D:1      | Reached XP level 1. HP: 15/15 MP: 0/0
   462 | D:1      | Reached XP level 2. HP: 18/21 MP: 0/0
  1544 | D:1      | Reached skill level 3 in Dodging
  1544 | D:1      | Reached XP level 3. HP: 20/25 MP: 0/0
  1544 | D:1      | Learned a level 1 spell: Sting
  1992 | D:2      | Found a faded altar of an unknown god.
  2005 | D:2      | Got Plato's Papyrus of Ice
  2067 | D:2      | Reached XP level 4. HP: 29/31 MP: 0/0
  3137 | D:3      | Noticed a sky beast
  3155 | D:3      | Killed a sky beast
  3156 | D:3      | Reached skill level 4 in Dodging
  3156 | D:3      | Reached XP level 5. HP: 34/35 MP: 0/0
  3156 | D:3      | Learned a level 2 spell: Blink
  3260 | D:3      | Found Hiucuer's General Store.
  3269 | D:3      | Bought a potion of curing for 36 gold pieces
  3269 | D:3      | Bought a scroll of identify for 24 gold pieces
  3575 | D:3      | Reached XP level 6. HP: 13/40 MP: 0/0
  3881 | D:4      | Found a snail-covered altar of Cheibriados.
  3909 | D:4      | Noticed an ogre
  3918 | D:4      | Killed an ogre
  3919 | D:4      | Reached skill level 5 in Dodging
  3938 | D:4      | Reached XP level 7. HP: 30/45 MP: 0/0
  3938 | D:4      | Learned a level 2 spell: Searing Ray
  4285 | D:4      | You are sucked into a shaft and drop 3 floors!
  4296 | D:7      | Reached skill level 6 in Dodging
  4551 | D:7      | Noticed a water moccasin
  4563 | D:7      | Killed a water moccasin
  4564 | D:7      | Reached skill level 5 in Spellcasting
  4564 | D:7      | Reached XP level 8. HP: 23/50 MP: 0/0
  4566 | D:7      | Reached skill level 7 in Dodging
  5120 | D:8      | HP: 1/50 [electric eel/bolt of electricity (6)]
  5121 | D:8      | Killed from afar by an electric eel

Illustrated notes

Levels and vault maps discovered:
D:1:      amcnicky_arrival_abandoned_market, layout_basic, minmay_tetromino_o2
D:2:      layout_basic, shapermc_ecumenical_altar_rom_forum, serial_forest,
          infiniplex_forest_fountain, infiniplex_forest_straight_2,
          infiniplex_forest_fountain, infiniplex_forest_clump_long,
          infiniplex_forest_end_1, infiniplex_forest_straight_2,
          infiniplex_forest_straight_3, grunt_decor_junction
D:3:      layout_loops_ring, serial_shops,
          nicolae_shop_temple_entry_statues_fountains, grunt_decor_resistance
D:4:      layout_basic, mainiacjoe_overflow_alcove_2,
          mainiacjoe_overflow_boulevard, nicolae_wu_jian_glorious_leap,
          hangedman_decor_growths, uniq_eustachio
D:7:      layout_basic, minmay_temple_entry_wispy, nicolae_ossuary_entry_ruins
D:8:      layout_rooms, nicolae_dithmenos_the_darkroom,
          lemuel_coloured_pillars_altar, nicolae_elyvilon_temple_path,
          lemuel_mausoleum_altar_yredelemnul, serial_park_tiny_2,
          serial_park_tiny_2, minmay_fractal_squares_5, uniq_harold

Skill      XL: |  1  2  3  4  5  6  7  8 |
---------------+-------------------------+-----
Dodging        | 3 4 5 6 7 |  7.4
Spellcasting   | 3 4 5 |  5.5
Stealth        | |  1.5

Action                   |  1- 3 |  4- 6 |  7- 9 || total
-------------------------+-------+-------+-------++-------
 Cast: Foxfire           |    43 |    37 |    31 ||   111
       Searing Ray       |       |       |     3 ||     3
       Conjure Flame     |       |       |     1 ||     1
  Use: Scroll            |       |     3 |     3 ||     6
Armor: Robe              |     2 |       |     8 ||    10
Dodge: Dodged            |     5 |     3 |    46 ||    54
